 Dungeon Crawl Stone Soup version 0.24-a0-584-g9d6b971 (webtiles) character file.

Game seed: 1339714483322191598, levelgen mode: deterministic

97 Dorkslayer the Skirmisher (level 4, -7/31 HPs)
             Began as an Octopode Fighter on Sept 1, 2019.
             Killed from afar by Sigmund (11 damage)
             ... with a puff of flame
             ... on level 3 of the Dungeon.
             The game lasted 00:08:56 (1840 turns).

Dorkslayer the Skirmisher (Octopode Fighter)        Turns: 1840, Time: 00:08:56

Health: -7/31      AC:  1    Str: 21    XL:     4   Next: 68%
Magic:  14/14      EV: 11    Int: 10    God:
Gold:   73         SH:  9    Dex: 11    Spells: 5/5 levels left

rFire    . . .     SeeInvis .   a - +0 long sword
rCold    . . .     Gourm    .   b - +0 shield
rNeg     . . .     Faith    .   (helmet restricted)
rPois    .         Spirit   .   (no amulet)
rElec    .         Reflect  .   (no ring)
rCorr    .         Harm     .   k - ring of magical power
MR       .....                  (no ring)
Stlth    +++.......             (no ring)
HPRegen  0.10/turn              (no ring)
MPRegen  0.14/turn              (no ring)
                                (no ring)
                                (no ring)

@: mighty
A: almost no armour, stealthy swim, amphibious, 8 rings, constrict 8, camouflage
1, gelatinous body 1
a: no special abilities


You were on level 3 of the Dungeon.
You were not hungry.

You visited 1 branch of the dungeon, and saw 3 of its levels.

You collected 73 gold pieces.

Inventory:

Hand Weapons
 a - a +0 long sword (weapon)
Missiles
 f - an atropa-tipped dart (quivered)
Armour
 b - a +0 shield (worn)
Jewellery
 j - an uncursed ring of teleportation
 k - a ring of magical power (right tentacle)
Scrolls
 g - 2 scrolls of identify
 h - a scroll of blinking {unknown}
 i - a scroll of teleportation {unknown}
 m - a scroll of enchant armour {unknown}
 n - a scroll of remove curse
Potions
 e - a potion of brilliance
 l - a potion of mutation {unknown}
 o - a potion of curing {unknown}
Comestibles
 d - 2 rations
 p - a chunk of flesh


   Skills:
 * Level 3.5 Fighting
 + Level 2.6 Long Blades
 + Level 3.3 Dodging
 + Level 3.0 Stealth
 + Level 3.2 Shields
 + Level 1.1 Spellcasting


You had 5 spell levels left.
You didn't know any spells.
Your spell library was empty.

Dungeon Overview and Level Annotations

Branches:
Dungeon (3/15)

Altars:
The Shining One

Annotations:
D:3 Sigmund


Innate Abilities, Weirdness & Mutations

You cannot wear most types of armour.
You are very stealthy in the water. (Stealth+)
You are amphibious.
You can wear up to eight rings at the same time.
You can use your tentacles to constrict eight enemies at once.
Your skin changes colour to match your surroundings (Stealth+).
Your rubbery body absorbs attacks. (AC +1, EV +1)


Message History

Aim: Sigmund, wielding a +0 scythe and wearing a +0 robe (chance to blind on hit: 83%)
You throw an atropa-tipped dart.
The atropa-tipped dart barely misses Sigmund.
Sigmund hits you from afar with a +0 scythe!
Throwing (i - inventory)
f - 3 atropa-tipped darts (quivered)
Press: ? - help, Shift-Dir - straight line, f/p - Sigmund
Aim: Sigmund, wielding a +0 scythe and wearing a +0 robe (chance to blind on hit: 83%)
You throw an atropa-tipped dart.
The atropa-tipped dart barely misses Sigmund.
Sigmund points at you and mumbles some strange words.
The puff of flame hits you!
* * * LOW HITPOINT WARNING * * *
Throwing (i - inventory)
f - 2 atropa-tipped darts (quivered)
Press: ? - help, Shift-Dir - straight line, f/p - Sigmund
Aim: Sigmund, wielding a +0 scythe and wearing a +0 robe (chance to blind on hit: 83%)
You throw an atropa-tipped dart.
The atropa-tipped dart closely misses Sigmund.
Sigmund points at you and mumbles some strange words.
The puff of flame hits you!
You die...

...######...
#..##...##..##
.รท....# ##.##
#..##.##..##
..........>..
...###..##
###.#.#.#####
####..#..##
#...#... ...
...#.#.##
##..# ###
#.###.#...##
#....
#(.........#
.#.#.#
#.@........#
.#...#
#...@......#
#...(...)..#
#..........#
....#######.##
###. .# # .#


You could see Sigmund.

Vanquished Creatures
  A hound (D:2)
  An adder (D:2)
  An ooze (D:2)
  2 worms (D:2)
  A dart slug (D:2)
  A leopard gecko (D:2)
  5 bats
  2 giant cockroaches (D:1)
  2 goblins
  6 hobgoblins
  6 jackals (D:1)
  6 kobolds
  A quokka (D:3)
  2 ball pythons (D:2)
  2 frilled lizards
  6 rats
45 creatures vanquished.

Notes
Turn   | Place    | Note
-------+----------+-------------------------------------------
     0 | D:1      | Dorkslayer the Octopode Fighter began the quest for the
                  | Orb.
     0 | D:1      | Reached XP level 1. HP: 16/16 MP: 1/1
   149 | D:1      | Reached XP level 2. HP: 21/21 MP: 2/2
   718 | D:2      | Reached XP level 3. HP: 13/26 MP: 2/4
   968 | D:2      | Reached skill level 1 in Stealth
   968 | D:2      | Reached skill level 1 in Spellcasting
  1339 | D:2      | Reached XP level 4. HP: 20/31 MP: 5/5
  1796 | D:3      | Found a glowing golden altar of the Shining One.
  1828 | D:3      | Noticed Sigmund
  1840 | D:3      | Killed from afar by Sigmund

Levels and vault maps discovered:
D:1:      dpeg_arrival_orchard, layout_basic, serial_park_tiny_pond
D:2:      layout_basic, chequers_serial_rivers_micro_b
D:3:      layout_basic, tso_metal_star, uniq_terence, uniq_sigmund

Skill      XL: |  1  2  3  4 |
---------------+-------------+-----
Stealth        | 1 3 |  3.0
Spellcasting   | 1 |  1.1
Fighting       | |  3.5
Long Blades    | |  2.6
Dodging        | |  3.3
Shields        | |  3.2

Action                   |  1- 3 |  4- 6 || total
-------------------------+-------+-------++-------
Melee: Long sword        |    65 |    12 ||    77
       Constrict         |    19 |     3 ||    22
       Tentacles         |     9 |     5 ||    14
Throw: Dart              |     1 |     6 ||     7
       Throwing net      |     1 |       ||     1
  Use: Scroll            |       |     2 ||     2
       Potion            |       |     1 ||     1
 Stab: Sleeping          |     6 |     2 ||     8
  Eat: Chunk             |     1 |       ||     1
       Ration            |       |     1 ||     1
Armor: Skin              |     4 |       ||     4
Dodge: Dodged            |    35 |     3 ||    38
Block: Shield            |    17 |     5 ||    22
       Rpst.: Long sword |     7 |       ||     7

Table legend:
 A = Non-vault XP
 B = Vault XP
 C = Vault XP percentage of total XP
 D = Non-vault monster count
 E = Vault monster count
 F = Vault count percentage of total count
                 A         B        C        D         E       F
            +---------+---------+-------+---------+---------+-------
      Total |     139 |       0 |   0.0 |      45 |       0 |   0.0
            +---------+---------+-------+---------+---------+-------
        D:1 |      35 |       0 |   0.0 |      21 |       0 |   0.0
        D:2 |     101 |       0 |   0.0 |      22 |       0 |   0.0
        D:3 |       3 |       0 |   0.0 |       2 |       0 |   0.0
            +---------+---------+-------+---------+---------+-------
